 Dungeon Crawl Stone Soup version 0.30.1-11-g7821555f0a (webtiles) character file.

Game seed: 15845127520805525976

6321 WalktheLine the Skirmisher (level 10, -20/79 HPs)
             Began as a Gnoll Hunter on Jan 13, 2024.
             Demolished by a komodo dragon (30 damage)
             ... on level 9 of the Dungeon.
             The game lasted 00:35:26 (7009 turns).

WalktheLine the Skirmisher (Gnoll Hunter)           Turns: 7009, Time: 00:35:26

Health: -20/79     AC:  7    Str: 10    XL:     10   Next: 95%
Magic:  13/17      EV: 16    Int: 22    God:
Gold:   371        SH:  0    Dex: 16    Spells: 5/21 levels left

rFire   + . .        B - +0 great sword
rCold   + . .        (shield currently unavailable)
rNeg    . . .        n - +1 robe {Will+}
rPois   .            D - +1 hat {Int+3}
rElec   +            (no cloak)
rCorr   .            (no gloves)
SInv    .            q - +2 pair of boots of Boredom {rElec Str-2 Int+3}
Will    +....        (no amulet)
Stlth   +++          t - +4 ring of slaying
HPRegen 0.33/turn    E - ring of Iqeagi Qyri {rC+ Int+5}
MPRegen 0.15/turn

%: no passive effects
@: no status effects
A: fangs 1, strong nose, distributed training, fire resistance 1, low MP 1
a: no special abilities


You were on level 9 of the Dungeon.
You visited 1 branch of the dungeon, and saw 9 of its levels.

You collected 423 gold pieces.
You spent 52 gold pieces at shops.

Inventory:

Hand Weapons
 b - a +3 dagger of protection
 l - a +1 arbalest
 B - a +0 great sword (weapon)
Missiles
 w - 6 javelins
Armour
 a - a +0 leather armour of positive energy
 c - a +1 leather armour
 i - a +2 scale mail of cold resistance
 n - a +1 robe of willpower (worn)
 q - the +2 pair of boots of Boredom (worn) {rElec Str-2 Int+3}
   (You found it on level 5 of the Dungeon)

   Str:       It affects your strength (-2).
   Int:       It affects your intelligence (+3).
   rElec:     It insulates you from electricity.
 D - a +1 hat of intelligence (worn)
Jewellery
 t - a +4 ring of slaying (left hand)
 y - a ring of willpower
 E - the ring of Iqeagi Qyri (right hand) {rC+ Int+5}
   (You found it on level 9 of the Dungeon)

   [ring of protection from cold]

   Int:       It affects your intelligence (+5).
   rC:        It protects you from cold.
Wands
 d - a wand of iceblast (12)
 k - a wand of mindburst (19)
 u - a wand of quicksilver (6)
 v - a wand of paralysis (9)
 A - a wand of flame (14)
 F - a wand of digging (9)
Scrolls
 g - a scroll of poison
 m - 2 scrolls of noise
 x - a scroll of teleportation
 z - a scroll of enchant armour
Potions
 e - a potion of cancellation {unknown}
 f - 2 potions of attraction
 h - 3 potions of curing
 j - a potion of might
 o - a potion of brilliance
 p - a potion of berserk rage
 r - a potion of degeneration
 s - a potion of lignification
 C - a potion of magic {unknown}


   Skills:
 + Level 7.6 Fighting
 + Level 6.0 Short Blades
 + Level 6.0 Long Blades
 + Level 6.0 Axes
 + Level 6.0 Maces & Flails
 + Level 6.0 Polearms
 + Level 6.0 Staves
 + Level 10.4 Ranged Weapons
 + Level 6.0 Throwing
 + Level 6.0 Armour
 + Level 7.6 Dodging
 + Level 6.5 Stealth
 + Level 6.0 Shields
 + Level 6.0 Unarmed Combat
 + Level 6.0 Spellcasting
 + Level 4.9 Conjurations
 + Level 4.9 Hexes
 + Level 4.9 Summonings
 + Level 4.9 Necromancy
 + Level 4.9 Translocations
 + Level 4.9 Transmutations
 + Level 4.9 Fire Magic
 + Level 4.9 Ice Magic
 + Level 4.9 Air Magic
 + Level 4.9 Earth Magic
 + Level 4.9 Poison Magic
 + Level 6.5 Invocations
 + Level 6.0 Evocations


You had 5 spell levels left.
You knew the following spells:

 Your Spells              Type           Power      Damage    Failure   Level
a - Vhi's Electric Charg  Tloc/Air       56%        N/A       3%          3
b - Call Imp              Summ           56%        N/A       1%          2
c - Mephitic Cloud        Conj/Pois/Air  28%        N/A       3%          3
d - Call Canine Familiar  Summ           28%        N/A       3%          3
e - Arcjolt               Conj/Air       14%        1d24      32%         5

Your spell library contained the following spells:

 Spells                   Type           Power      Damage    Failure   Level
 Apportation              Tloc           56%        N/A       1%          1
 Magic Dart               Conj           100%       1d8       1%          1
 Necrotise                Necr           100%       1d9       1%          1
 Summon Small Mammal      Summ           100%       N/A       1%          1
 Gell's Gravitas          Tloc           28%        N/A       3%          3
 Portal Projectile        Hex/Tloc       56%        N/A       3%          3
 Teleport Other           Tloc           28%        N/A       3%          3
 Leda's Liquefaction      Hex/Erth       14%        N/A       12%         4
 Dispersal                Tloc           14%        N/A       88%         6
 Maxwell's Capacitive Co  Air            14%        ∞         100%        8


Dungeon Overview and Level Annotations

Branches:
Dungeon (9/15)               Lair (0/5) D:9
 Temple: D:4-7          Orc: D:9-12

Altars:
Fedhas
Makhleb
Trog
Uskayaw
Zin

Shops:
D:6 [![*


Innate Abilities, Weirdness & Mutations

You have very sharp teeth.
Your uncanny sense of smell can sniff out nearby items.
Your experience applies equally to all skills.
Your flesh is heat resistant. (rF+)
Your magical capacity is low. (-10% MP)


Message History

Press: ? - help, Q - select action, (/) - cycle Shift-Dir - straight line, f/p - komodo dragon
Aim: a komodo dragon (moderately wounded, 75% to hit)
You shoot a bolt. The bolt hits the komodo dragon.
The komodo dragon is heavily wounded.
The komodo dragon bites you!!
Casting: Vhi's Electric Charge (dangerous; 3% risk of failure)
Confirm with . or Enter, or press ? or * to list all spells.
A tiny devil pulls itself out of the air.
The komodo dragon bites you!!
Casting: Call Imp (safe; 1% risk of failure)
Confirm with . or Enter, or press ? or * to list all spells.
The komodo dragon barely misses you.
Your cerulean imp hits the komodo dragon with a -2 spear.
The komodo dragon attacks as you move away!
The komodo dragon misses you.
Your cerulean imp barely misses the komodo dragon.
Your hound closely misses the komodo dragon. x2
Your hound bites the komodo dragon but does no damage.
Your cerulean imp hits the komodo dragon from afar with a -2 spear.
The komodo dragon bites you!
The komodo dragon attacks as you move away!
The komodo dragon bites you!!
* * * LOW HITPOINT WARNING * * *
Your hound bites the komodo dragon.
Your cerulean imp hits the komodo dragon but does no damage.
Your hound bites the komodo dragon.
You feel better.
Your hound bites the komodo dragon but does no damage.
The komodo dragon bites your hound!
B - a +0 great sword (weapon)
Your hound bites the komodo dragon but does no damage.
Your cerulean imp closely misses the komodo dragon.
Aiming: Quicksilver Bolt
Press: ? - help, Shift-Dir - straight line, f/p - komodo dragon
Aim: a komodo dragon (heavily wounded, not watching you, ally target, 81% to hit)
The bolt of dispelling energy hits the komodo dragon!!
The komodo dragon is almost dead.
Your hound bites the komodo dragon but does no damage.
The komodo dragon bites you!!
You die...

#.# #..# #..# #...###.. ##.# #..#
#).# ##...#### ...# #..####).#
#...# # ...# #........# #...#
...# #........# #...# ...#
#........# #...# # ...#
#........# #...# # ...#
#........# #...# # ...#
#..)..l@.########...# # ...#
#.....h.............####
...#######.....5.................
............................[....
.###...............#######.......
..##...............# #...###.
...##.####.........# #...# #.
...##.# #.........# #...# #.
....#.# #.........# #...# #.


You could see a komodo dragon (ally target), a friendly hound (summoned) and a
friendly cerulean imp (summoned).

Vanquished Creatures
  A two-headed ogre (D:9)
  2 deep elf zephyrmancers (D:9)
  A troll (D:9)
  A shadow (D:9)
  A wraith (D:9)
  A steam dragon (D:8)
  Duvessa (D:7)
  A swamp drake (D:9)
  3 orc warriors
  2 ice beasts
  2 black bears (D:7)
  2 centaurs
  A phantom (D:7)
  2 kobold brigands (D:8)
  3 bullfrogs
  2 scorpions (D:5)
  2 gnoll sergeants
  Dowan (D:7)
  13 wights
  6 killer bees
  4 howler monkeys
  An electric eel (D:8)
  A crimson imp (D:9)
  A hound (D:6)
  3 orc priests
  A gnoll bouda (D:8)
  An iron imp (D:9)
  Terence (D:2)
  3 iguanas
  13 orc wizards
  12 gnolls
  An adder (D:6)
  A shadow imp (D:9)
  A white imp (D:9)
  An ufetubus (D:7)
  31 orcs
  2 bats
  6 endoplasms
  A giant cockroach (D:1)
  6 goblins
  5 hobgoblins
  4 ball pythons
  3 frilled lizards
  12 kobolds
  3 rats
166 creatures vanquished.

Vanquished Creatures (collateral kills)
  An orc warrior (D:8)
  A centaur (D:6)
  A kobold brigand (D:9)
  3 bullfrogs
  A scorpion (D:5)
  A wight (D:9)
  A killer bee (D:9)
  A sleepcap (D:6)
  An orc priest (D:9)
  An orc wizard (D:8)
  A gnoll (D:8)
  5 orcs
  2 kobolds (D:8)
  A quokka (D:4)
21 creatures vanquished.

Vanquished Creatures (others)
  An orc wizard (D:8)
  An orc (D:9)
2 creatures vanquished.

Grand Total: 189 creatures vanquished

Notes
Turn   | Place    | Note
-------+----------+-------------------------------------------
     0 | D:1      | WalktheLine the Gnoll Hunter began the quest for the Orb.
     0 | D:1      | Reached XP level 1. HP: 20/20 MP: 1/1
   332 | D:1      | Reached XP level 2. HP: 26/26 MP: 2/2
   478 | D:2      | Noticed Terence
   482 | D:2      | Killed Terence
   483 | D:2      | Reached skill level 1 in Invocations
   483 | D:2      | Reached XP level 3. HP: 31/31 MP: 2/4
   502 | D:2      | Learned a level 3 spell: Vhi's Electric Charge
   696 | D:3      | Noticed a bullfrog
  1101 | D:3      | Reached skill level 1 in Short Blades
  1101 | D:3      | Reached skill level 1 in Long Blades
  1101 | D:3      | Reached skill level 1 in Axes
  1101 | D:3      | Reached skill level 1 in Maces & Flails
  1101 | D:3      | Reached skill level 1 in Polearms
  1101 | D:3      | Reached skill level 1 in Staves
  1101 | D:3      | Reached skill level 1 in Throwing
  1101 | D:3      | Reached skill level 1 in Armour
  1101 | D:3      | Reached skill level 1 in Shields
  1101 | D:3      | Reached skill level 1 in Unarmed Combat
  1101 | D:3      | Reached skill level 1 in Spellcasting
  1101 | D:3      | Reached skill level 1 in Evocations
  1485 | D:2      | Reached XP level 4. HP: 37/38 MP: 5/5
  1598 | D:4      | Reached skill level 1 in Conjurations
  1598 | D:4      | Reached skill level 1 in Hexes
  1598 | D:4      | Reached skill level 1 in Summonings
  1598 | D:4      | Reached skill level 1 in Necromancy
  1598 | D:4      | Reached skill level 1 in Translocations
  1598 | D:4      | Reached skill level 1 in Transmutations
  1598 | D:4      | Reached skill level 1 in Fire Magic
  1598 | D:4      | Reached skill level 1 in Ice Magic
  1598 | D:4      | Reached skill level 1 in Air Magic
  1598 | D:4      | Reached skill level 1 in Earth Magic
  1598 | D:4      | Reached skill level 1 in Poison Magic
  1710 | D:4      | Learned a level 2 spell: Call Imp
  1746 | D:4      | Reached XP level 5. HP: 39/43 MP: 7/7
  1819 | D:4      | Found a hide-covered altar of Uskayaw.
  1878 | D:4      | You fall into a shaft and drop 1 floor!
  1878 | D:5      | Entered Level 5 of the Dungeon
  1975 | D:5      | Identified the +2 pair of boots of Boredom {rElec Str-2
                  | Int+3}
  2033 | D:5      | Reached XP level 6. HP: 50/50 MP: 5/8
  2119 | D:5      | Gained mutation: Your flesh is heat resistant. (rF+)
                  | [potion of mutation]
  2119 | D:5      | Gained mutation: Your magical capacity is low. (-10% MP)
                  | [potion of mutation]
  2120 | D:5      | Noticed an ice beast
  2139 | D:5      | Killed an ice beast
  2140 | D:5      | Reached skill level 5 in Fighting
  2140 | D:5      | Reached skill level 5 in Dodging
  2217 | D:5      | Reached XP level 7. HP: 56/56 MP: 7/9
  2263 | D:6      | Reached skill level 9 in Ranged Weapons
  2448 | D:6      | Found Ihitin's Assorted Antiques.
  2459 | D:6      | Bought a scroll labelled XIKKEHORGH PAIFITUZ for 22 gold
                  | pieces
  2513 | D:6      | Found Cufiyx's Armour Emporium.
  2751 | D:6      | Learned a level 3 spell: Mephitic Cloud
  2755 | D:6      | Learned a level 3 spell: Call Canine Familiar
  2942 | D:6      | Found Olonyoggevo's Armour Boutique.
  2958 | D:6      | Found Yrghidderph's Distillery.
  2966 | D:6      | Bought a potion of curing for 30 gold pieces
  2986 | D:6      | Reached XP level 8. HP: 52/63 MP: 4/11
  3324 | D:7      | Found a burning altar of Makhleb.
  3349 | D:7      | Found a glowing silver altar of Zin.
  3357 | D:7      | Noticed Dowan
  3359 | D:7      | Noticed Duvessa
  3362 | D:7      | Killed Dowan
  3371 | D:7      | Killed Duvessa
  3516 | D:7      | Found a bloodstained altar of Trog.
  3761 | D:7      | Reached XP level 9. HP: 61/69 MP: 1/13
  3983 | D:7      | Found a blossoming altar of Fedhas.
  4287 | D:8      | Reached skill level 5 in Stealth
  4586 | D:8      | Reached skill level 5 in Invocations
  5183 | D:9      | Noticed a troll
  5184 | D:9      | Noticed a two-headed ogre
  5199 | D:9      | Reached skill level 5 in Short Blades
  5199 | D:9      | Reached skill level 5 in Long Blades
  5199 | D:9      | Reached skill level 5 in Axes
  5199 | D:9      | Reached skill level 5 in Maces & Flails
  5199 | D:9      | Reached skill level 5 in Polearms
  5199 | D:9      | Reached skill level 5 in Staves
  5199 | D:9      | Reached skill level 5 in Throwing
  5199 | D:9      | Reached skill level 5 in Armour
  5199 | D:9      | Reached skill level 5 in Shields
  5199 | D:9      | Reached skill level 5 in Unarmed Combat
  5199 | D:9      | Reached skill level 5 in Spellcasting
  5199 | D:9      | Reached skill level 5 in Evocations
  5199 | D:9      | Reached XP level 10. HP: 44/77 MP: 11/15
  5204 | D:9      | Killed a two-headed ogre
  5205 | D:9      | Reached skill level 10 in Ranged Weapons
  5907 | D:9      | Noticed a deep elf zephyrmancer
  5915 | D:9      | Noticed a deep elf zephyrmancer
  5921 | D:9      | Killed a deep elf zephyrmancer
  5935 | D:9      | Killed a deep elf zephyrmancer
  6104 | D:9      | Identified the ring of Iqeagi Qyri {rC+ Int+5}
  6200 | D:9      | Learned a level 5 spell: Arcjolt
  6815 | D:9      | Found a staircase to the Lair.
  7009 | D:9      | Demolished by a komodo dragon

Illustrated notes

Levels and vault maps discovered:
D:1:      enne_arrival_octagon_isle, layout_basic,
          shapermc_ecumenical_altar_venn
D:2:      layout_basic, uniq_terence
D:3:      layout_loops_cross, lightli_corner_chamber
D:4:      layout_basic, lemuel_round_altar, minmay_temple_entry_enclosed_plants,
          minmay_hedge_maze
D:5:      layout_basic
D:6:      layout_loops_ring, serial_shops, shop, shop, shop, shop
D:7:      layout_cave_pools, trog_ov_bears_minmay,
          mainiacjoe_overflow_surrounded_room, lemuel_coloured_pillars_altar,
          zin_academy, uniq_duvessa
D:8:      cheibrodos_helix_gallery, layout_gridville
D:9:      minmay_skewed_foursquare, layout_long_grid, david_lair_shrubbed,
          hangedman_minor_magic

Skill      XL: |  1  2  3  4  5  6  7  8  9 10 |
---------------+-------------------------------+-----
Invocations    | 1 2 3 4 5 6 |  6.5
Short Blades   | 1 2 3 5 6 |  6.0
Long Blades    | 1 2 3 5 6 |  6.0
Axes           | 1 2 3 5 6 |  6.0
Maces & Flails | 1 2 3 5 6 |  6.0
Polearms       | 1 2 3 5 6 |  6.0
Staves         | 1 2 3 5 6 |  6.0
Throwing       | 1 2 3 5 6 |  6.0
Armour         | 1 2 3 5 6 |  6.0
Shields        | 1 2 3 5 6 |  6.0
Unarmed Combat | 1 2 3 5 6 |  6.0
Spellcasting   | 1 2 3 5 6 |  6.0
Evocations     | 1 2 3 5 6 |  6.0
Conjurations   | 1 2 3 4 |  4.9
Hexes          | 1 2 3 4 |  4.9
Summonings     | 1 2 3 4 |  4.9
Necromancy     | 1 2 3 4 |  4.9
Translocations | 1 2 3 4 |  4.9
Transmutations | 1 2 3 4 |  4.9
Fire Magic     | 1 2 3 4 |  4.9
Ice Magic      | 1 2 3 4 |  4.9
Air Magic      | 1 2 3 4 |  4.9
Earth Magic    | 1 2 3 4 |  4.9
Poison Magic   | 1 2 3 4 |  4.9
Stealth        | 3 4 5 6 |  6.5
Fighting       | 5 6 7 |  7.6
Dodging        | 5 6 7 |  7.6
Ranged Weapons | 9 10 | 10.4

Action                     |  1- 3 |  4- 6 |  7- 9 | 10-12 || total
---------------------------+-------+-------+-------+-------++-------
  Melee: Quarterstaff      |    34 |    35 |       |       ||    69
         Bite              |       |     5 |    10 |     7 ||    22
         Dagger            |       |       |    96 |       ||    96
         Punch             |       |       |     2 |       ||     2
         Great sword       |       |       |     7 |    57 ||    64
   Fire: Shortbow          |    49 |    22 |    10 |       ||    81
         Arbalest          |       |       |    79 |    51 ||   130
   Cast: Call Imp          |       |     6 |    23 |    11 ||    40
         Call Canine Famil |       |       |     9 |     7 ||    16
         Vhi's Electric Ch |       |       |     8 |    14 ||    22
         Mephitic Cloud    |       |       |     5 |     4 ||     9
  Evoke: Wand              |       |       |    12 |     6 ||    18
    Use: Scroll            |     6 |     5 |    16 |     1 ||    28
         Potion            |       |     2 |       |     5 ||     7
   Stab: Distracted        |       |       |     1 |       ||     1
         Confused          |       |       |       |     2 ||     2
         Invisible         |       |       |       |     1 ||     1
         Paralysed         |       |       |       |     1 ||     1
 Armour: Scale mail        |    16 |     4 |       |       ||    20
         Robe              |       |    10 |    65 |    20 ||    95
  Dodge: Dodged            |    13 |    28 |   136 |    75 ||   252
